 Dungeon Crawl Stone Soup version 0.30.1-4-g462c640d31 (webtiles) character file.

Game seed: 4368084835590013650

23 wingedge the Chiller (level 2, -2/34 HPs)
             Began as a Demigod Wanderer on Aug 29, 2023.
             Slain by a worm (5 damage)
             ... on level 2 of the Dungeon.
             The game lasted 00:03:47 (1013 turns).

wingedge the Chiller (Demigod Wanderer)             Turns: 1013, Time: 00:03:47

Health: -2/34      AC: 21    Str: 14    XL:     2   Next: 57%
Magic:  7/7        EV:  2    Int: 15    God:
Gold:   88         SH:  0    Dex: 11    Spells: 3/4 levels left

rFire   . . .        l - +0 short sword
rCold   . . .        (no shield)
rNeg    . . .        c - melded +0 scale mail
rPois   +            (helmet currently unavailable)
rElec   .            (cloak currently unavailable)
rCorr   .            (gloves currently unavailable)
SInv    .            (boots currently unavailable)
Will    .....        (no amulet)
Stlth   +            (no ring)
HPRegen 0.25/turn    (no ring)
MPRegen 0.10/turn

%: no passive effects
@: tree-form
A: stationary, stasis, torment immunity, boosted hp, high MP 1, forlorn, divine
attributes
a: no special abilities


You were on level 2 of the Dungeon.
You were a tree.
You visited 1 branch of the dungeon, and saw 2 of its levels.

You collected 88 gold pieces.

Inventory:

Hand Weapons
 l - a +0 short sword (weapon)
Armour
 a - a +0 ring mail
 c - a +0 scale mail (melded)
Scrolls
 d - a scroll of identify
 f - a scroll of torment {unknown}
 g - a scroll of immolation {unknown}
 h - 3 scrolls of teleportation {unknown}
 i - a scroll of vulnerability {unknown}
 m - a scroll of amnesia {unknown}
Potions
 k - a potion of ambrosia {unknown}
 n - a potion of heal wounds {unknown}


   Skills:
 - Level 1.0 Fighting
 - Level 1.7 Armour
 - Level 1.0 Dodging
 - Level 1.0 Stealth
 - Level 1.7 Spellcasting
 - Level 1.7 Translocations
 + Level 2.2 Ice Magic


You had 3 spell levels left.
You knew the following spells:

 Your Spells              Type           Power      Damage    Failure   Level
a - Freeze                Ice            32%        1d5       9%          1

Your spell library contained the following spells:

 Spells                   Type           Power      Damage    Failure   Level
 Apportation              Tloc           12%        N/A       11%         1
 Sting                    Tmut/Pois      4%         1d3       22%         1
 Gell's Gravitas          Tloc           6%         N/A       32%         3
 Teleport Other           Tloc           6%         N/A       32%         3
 Passwall                 Tmut/Erth      0%         N/A       34%         2
 Scorch                   Fire           2%         2d5       34%         2
 Vhi's Electric Charge    Tloc/Air       6%         N/A       43%         3
 Dispersal                Tloc           3%         N/A       100%        6


Dungeon Overview and Level Annotations

Branches:
Dungeon (2/15)


Innate Abilities, Weirdness & Mutations

You are a tree.
Your roots penetrate the ground, keeping you stationary.
You cannot be teleported.
You are immune to unholy pain and torment.
Your maximum health is greatly increased.
Your equipment is partially melded.
You have an increased reservoir of magic. (+10% MP)
You shall have no god before yourself.
Your divine heritage dramatically boosts your attributes as you level up.


Message History

You closely miss the giant cockroach. The giant cockroach bites you.
* * * LOW HITPOINT WARNING * * *
You hit the giant cockroach but do no damage.
The giant cockroach bites you but does no damage. x2
You closely miss the giant cockroach. The giant cockroach bites you.
* * * LOW HITPOINT WARNING * * *
You barely miss the giant cockroach.
The giant cockroach bites you but does no damage.
You hit the giant cockroach.
The giant cockroach is severely wounded.
The giant cockroach bites you but does no damage.
Press: ? - help, v - describe, . - travel
Here: a giant cockroach (severely wounded)
The floor.
Unknown command.
Unknown command.
You hit the giant cockroach.
You kill the giant cockroach!
You hit the worm.
The worm is lightly wounded.
The worm bites you.
* * * LOW HITPOINT WARNING * * *
Okay, then.
Okay, then.
Press: ? - help, v - describe, . - travel
Here: a worm The floor.
Unknown command.
Unknown command.
You hit the worm.
The worm is lightly wounded.
You hit the worm but do no damage.
The worm is lightly wounded.
The worm bites you but does no damage.
You hit the worm.
The worm is lightly wounded.
You hit the worm.
The worm is moderately wounded.
The worm bites you.
You die...

#########
#.......#
#.......# #.#
##. +.....<.#
#.# ##^^
#<......####
#.####^..
#.......♣w.#
#.#......
#.......##.# #.#
#..^.
#.#+######.# #.#
#... ...#
#.######.####...
#####
#.....##....##..
#####'##†#.####†
#....§w.#.#####
#.....###....w.
#.....# #######


You could see a worm.

Vanquished Creatures
  2 worms (D:2)
  2 endoplasms (D:1)
  A giant cockroach (D:2)
  2 hobgoblins (D:1)
  2 ball pythons
  3 bats
  A frilled lizard (D:1)
  2 kobolds (D:1)
  5 rats
20 creatures vanquished.

Notes
Turn   | Place    | Note
-------+----------+-------------------------------------------
     0 | D:1      | wingedge the Demigod Wanderer began the quest for the Orb.
     0 | D:1      | wingedge set off with the following items: a +0 club, a
                  | scroll of blinking, a +0 scale mail; and the following
                  | spells available to memorise: Apportation, Freeze, Sting,
                  | Passwall, Scorch, Vhi's Electric Charge.
     0 | D:1      | Reached XP level 1. HP: 16/16 MP: 5/5
     7 | D:1      | Learned a level 1 spell: Freeze
   125 | D:1      | Reached skill level 1 in Ice Magic
   579 | D:1      | Reached XP level 2. HP: 20/23 MP: 7/7
   877 | D:2      | Reached skill level 2 in Ice Magic
   991 | D:2      | HP: 1/23 [giant cockroach (1)]
  1013 | D:2      | Slain by a worm

Illustrated notes

Levels and vault maps discovered:
D:1:      dpeg_chamrin_arrival_tetris, layout_loops_ring, minmay_pentomino_z4
D:2:      layout_basic, basic_altar, minmay_misc_feat_four_crosses,
          nicolae_wormholes

Skill      XL: |  1  2 |
---------------+-------+-----
Ice Magic      | 1 2 |  2.2
Fighting       | |  1.0
Armour         | |  1.7
Dodging        | |  1.0
Stealth        | |  1.0
Spellcasting   | |  1.7
Translocations | |  1.7

Action                     || total
---------------------------++-------
  Melee: Club              ||    51
         Short sword       ||    89
  Throw: Dart              ||     9
    Use: Scroll            ||     3
         Potion            ||     1
 Armour: Scale mail        ||    54
         Skin              ||    15
  Dodge: Dodged            ||    63
